 Dungeon Crawl Stone Soup version 0.18.1-48-g4cf74bf (webtiles) character file.

15 juanjsm the Insei (level 2, -1/18 HPs)
             Began as an Octopode Transmuter on June 25, 2016.
             Slain by a hobgoblin
             ... wielding a +0 club
              (6 damage)
             ... on level 1 of the Dungeon.
             The game lasted 00:02:07 (229 turns).

juanjsm the Insei (Octopode Transmuter)              Turns: 229, Time: 00:02:08

Health: -1/18      AC:  1    Str:  9    XL:     2   Next: 50%
Magic:  2/5        EV: 12    Int: 15    God:
Gold:   10         SH:  0    Dex: 12    Spells: 1 memorised, 4 levels left

rFire  . . .     SeeInvis .       - Unarmed
rCold  . . .     Gourm    .     (no shield)
rNeg   . . .     Faith    .     (helmet restricted)
rPois  .         Spirit   .     (no amulet)
rElec  .         Dismiss  .     (no ring)
rCorr  .         Reflect  .     (no ring)
SustAt .         Harm     .     (no ring)
MR     .....                    (no ring)
Stlth  ++........               (no ring)
                                (no ring)
                                (no ring)
                                (no ring)

@: appendage, very slightly contaminated, not resistant to hostile enchantments,
unstealthy
A: almost no armour, amphibious, 8 rings, constrict 8, tentacle spike 3,
camouflage 1, gelatinous body 1
a: End Transformation


You were on level 1 of the Dungeon.
You were not hungry.
One of your tentacles had a temporary spike.
You visited 1 branch of the dungeon, and saw 2 of its levels.

You collected 10 gold pieces.

Inventory:

Missiles
 a - 12 arrows
Scrolls
 d - a scroll of enchant armour {unknown}
Potions
 e - a potion of might {unknown}
 g - a potion of magic {unknown}
Books
 b - a book of Changes

   Spells                             Type                      Level
   a - Beastly Appendage              Transmutation                1
   b - Sticks to Snakes               Transmutation                2
   c - Spider Form                    Transmutation/Poison         3
   d - Ice Form                       Ice/Transmutation            4
   e - Blade Hands                    Transmutation                5
Comestibles
 c - a bread ration
 f - 3 chunks of flesh


   Skills:
 + Level 1.2 Fighting
 + Level 2.1 Dodging
 + Level 3.3 Unarmed Combat
 + Level 2.1 Spellcasting
 + Level 2.1 Transmutations


You had 4 spell levels left.
You knew the following spells:

 Your Spells              Type           Power        Failure   Level  Hunger
a - Beastly Appendage     Trmt           #.....       12%         1    #......


Dungeon Overview and Level Annotations

Branches:
Dungeon (2/15)

Altars:


Innate Abilities, Weirdness & Mutations

You cannot wear most types of armour.
You are amphibious.
You can wear up to eight rings at the same time.
You can use your tentacles to constrict eight enemies at once.
Your skin changes colour to match your surroundings (Stealth).
Your rubbery body absorbs attacks (AC +1).
One of your tentacles bears a large vicious spike.


Message History

Casting: Beastly Appendage
Confirm with . or Enter, or press ? or * to list all spells.
One of your tentacles grows a vicious spike.
You closely miss the kobold. You grab the kobold.
Your squeeze misses the kobold. You constrict the kobold.
The kobold hits you with a club.
* * * LOW HITPOINT WARNING * * *
You tentacle-slap the kobold but do no damage.
The kobold is moderately wounded.
You constrict the kobold. The kobold barely misses you.
You tentacle-slap the kobold.
You kill the kobold!
You closely miss the hobgoblin. Your grab misses the hobgoblin.
The hobgoblin hits you but does no damage.
You tentacle-slap the hobgoblin but do no damage.
You grab the hobgoblin.
You pierce the hobgoblin.
The hobgoblin is moderately wounded.
You constrict the hobgoblin, but do no damage.
The hobgoblin hits you with a club.
You die...

.# #.# #.#
##########
#.#
#........#
#.#
#@######.#
#.# #g#
#.######.#
...
#........#
#########
..#..
########.##
##.......#
##. ..#
#...
#.#8####.#
#. ... #.##
#.##....##
#. #...
...##...
#.##.<.##
#. ....
#......
#.##...#
######.


You could see a hobgoblin.

Vanquished Creatures
  2 goblins (D:1)
  A hobgoblin (D:1)
  4 jackals (D:1)
  3 kobolds (D:1)
  A bat (D:1)
  2 rats (D:1)
13 creatures vanquished.

Notes
Turn   | Place    | Note
--------------------------------------------------------------
     0 | D:1      | juanjsm the Octopode Transmuter began the quest for the Orb.
     0 | D:1      | Reached XP level 1. HP: 13/13 MP: 3/3
    88 | D:1      | Reached XP level 2. HP: 9/18 MP: 3/5
   229 | D:1      | Slain by a hobgoblin

Action                   || total
-------------------------++-------
Melee: Unarmed           ||    33
       Constrict         ||    10
       Tentacles         ||     6
       Kick              ||     5
       Punch             ||     2
 Cast: Beastly Appendage ||     6
 Stab: Sleeping          ||     2
Armor: Skin              ||     1
Dodge: Dodged            ||    16
